 Dungeon Crawl Stone Soup version 0.29-a0-384-g6960b1960d (webtiles) character file.

Game seed: 3421288705454032831

4596 siradein the Merchant of Misery (level 10, 0/72 HPs)
             Began as a Demonspawn Necromancer on May 7, 2022.
             Was a Believer of Kikubaaqudgha.
             Killed by the air
             ... invoked by Gastronok
              (30 damage)
             ... on level 9 of the Dungeon.
             The game lasted 00:38:14 (13977 turns).

siradein the Merchant of Misery (DsNe)             Turns: 13977, Time: 00:38:15

Health: 0/72       AC: 12    Str:  9    XL:     10   Next: 19%
Magic:  8/21       EV: 13    Int: 21    God:    Kikubaaqudgha [**....]
Gold:   92         SH:  4    Dex: 13    Spells: 10/24 levels left

rFire   + + .      SeeInvis +   (no weapon)
rCold   + + +      Faith    .   (no shield)
rNeg    . . .      Spirit   .   r - +4 skin of Zhor {*Englaciate rC+++ SInv}
rPois   .          Reflect  .   o - +0 helmet
rElec   .          Harm     .   H - +0 cloak
rCorr   .          Rampage  .   (gloves unavailable)
Will    .....                   (no boots)
Stlth   ++........              (no amulet)
HPRegen 0.22/turn               q - ring of protection from fire
MPRegen 0.17/turn               z - ring of protection from fire

@: slowed, very slow
A: claws 3, icemail 1, condensation shield
a: Renounce Religion, Receive Corpses


You were on level 9 of the Dungeon.
You worshipped Kikubaaqudgha.
Kikubaaqudgha was pleased with you.
You visited 2 branches of the dungeon, and saw 11 of its levels.
You also visited: Sewer.

You collected 423 gold pieces.
You spent 331 gold pieces at shops.

Inventory:

Hand Weapons
 p - a +2 whip of pain
 I - a +4 hand crossbow of freezing
Missiles
 i - 2 throwing nets
Armour
 o - a +0 helmet (worn)
 r - the +4 skin of Zhor (worn) {*Englaciate rC+++ SInv}
   (You found it on level 3 of the Dungeon)

   It radiates cold, occasionally slowing all nearby creatures who are not
   resistant to cold.
   rC:        It renders you almost immune to cold.
   SInv:      It lets you see invisible.
 y - a scarf of shadows
 H - a +0 cloak (worn)
Jewellery
 q - a ring of protection from fire (left claw)
 z - a ring of protection from fire (right claw)
 F - a ring of ice
Wands
 m - a wand of mindburst (17)
 C - a wand of polymorph (8)
Scrolls
 a - a scroll of acquirement
 c - 3 scrolls of blinking
 e - 4 scrolls of enchant weapon
 f - 2 scrolls of amnesia
 k - 7 scrolls of teleportation
 u - a scroll of poison
 v - 2 scrolls of vulnerability
 w - a scroll of torment
 A - 4 scrolls of fear {unknown}
 B - 2 scrolls of immolation {unknown}
 D - 2 scrolls of summoning {unknown}
 E - a scroll of magic mapping {unknown}
 G - 2 scrolls of enchant armour {unknown}
Potions
 b - a potion of magic
 d - 7 potions of flight
 g - a potion of invisibility
 h - 4 potions of heal wounds
 j - 3 potions of brilliance
 l - 2 potions of lignification {unknown}
 n - 2 potions of attraction
 s - 6 potions of curing
 t - a potion of berserk rage
 x - 2 potions of haste {unknown}
 J - 2 potions of ambrosia {unknown}
 K - a potion of resistance {unknown}


   Skills:
 + Level 4.2 Fighting
 + Level 4.5 Dodging
 - Level 1.7 Stealth
 + Level 7.9 Spellcasting
 + Level 10.2 Necromancy
 + Level 3.9 Translocations
 + Level 4.4 Evocations


You had 10 spell levels left.
You knew the following spells:

 Your Spells              Type           Power      Damage    Failure   Level
a - Pain                  Necr           100%       1d9       1%          1
b - Vampiric Draining     Necr           51%        2d9       1%          3
c - Animate Dead          Necr           25%        N/A       1%          4
d - Blink                 Tloc           48%        N/A       2%          2
e - Dispel Undead         Necr           51%        3d19      1%          4

Your spell library contained the following spells:

 Spells                   Type           Power      Damage    Failure   Level
 Animate Skeleton         Necr           100%       N/A       1%          1
 Sublimation of Blood     Necr           51%        N/A       1%          2
 Agony                    Necr           51%        N/A       3%          5
 Gell's Gravitas          Tloc           24%        N/A       4%          3
 Lesser Beckoning         Tloc           24%        N/A       4%          3
 Teleport Other           Tloc           24%        N/A       4%          3
 Sting                    Tmut/Pois      32%        1d4       9%          1
 Poisonous Vapours        Pois/Air       16%        N/A       12%         2
 Static Discharge         Conj/Air       8%         N/A       12%         2
 Wereblood                Tmut           8%         N/A       12%         2
 Confusing Touch          Hex            8%         N/A       24%         3
 Mephitic Cloud           Conj/Pois/Air  8%         N/A       24%         3
 Manifold Assault         Tloc           24%        N/A       41%         5
 Leda's Liquefaction      Hex/Erth       4%         N/A       63%         4
 Olgreb's Toxic Radiance  Pois           8%         N/A       63%         4
 Sticky Flame             Conj/Fire      8%         2d3       63%         4
 Summon Lightning Spire   Summ/Air       8%         N/A       63%         4
 Lee's Rapid Deconstruct  Erth           4%         3d6*      92%         5
 Yara's Violent Unravell  Hex/Tmut       4%         3d4       92%         5
 Statue Form              Tmut/Erth      5%         N/A       100%        6
 Enfeeble                 Hex            4%         N/A       100%        7
 Ozocubu's Refrigeration  Ice            4%         4d5       100%        7
 Storm Form               Tmut/Air       4%         N/A       100%        7
 Summon Hydra             Summ           4%         N/A       100%        7
 Ignition                 Fire           4%         3d4       100%        8
 Lehudib's Crystal Spear  Conj/Erth      4%         10d3      100%        8
 Maxwell's Capacitive Co  Air            4%         ∞         100%        8


Dungeon Overview and Level Annotations

Branches:
Dungeon (10/15)            Temple (1/1) D:7           Sewer (visited)
   Lair: D:8-11         Orc: D:9-12

Altars:
Ashenzari
Hepliaklqana
Kikubaaqudgha
Makhleb
Zin

Shops:
D:6 :   D:7 [**(

Annotations:
D:8 3 runed translucent doors, Psyclone's ghost, novice OpIE
D:9 exclusion: orange crystal statue, Gastronok


Innate Abilities, Weirdness & Mutations

You have claws for hands.
A meltable icy envelope protects you from harm. (AC +4)
A meltable shield of frost defends you. (SH +4)


Message History

Aim: Gastronok, wearing a +1 hat (moderately wounded, covering ground quickly)
You draw life force from Gastronok!
Gastronok bites you! The rat closely misses you.
Unknown command.
Unknown command.
The rat bites you but does no damage.
Gastronok waves his eye-stalks in wide circles.
The air twists around and strikes you!!
You climb upwards.
The rat disappears in a puff of smoke!
Level annotation: exclusion: orange crystal statue You radiate an aura of cold.
Gastronok resists.
There is a stone staircase leading down here.
Casting: Vampiric Draining (safe; 1% risk of failure)
Confirm with . or Enter, or press ? or * to list all spells.
You call on the dead to rise...
The dead are flying!
Gastronok wobbles crazily.
There is a stone staircase leading down, spattered with blood here.
You radiate an aura of cold.
Your vampire mosquito zombie is unaffected.
Gastronok seems to slow down.
Your vampire mosquito zombie bites Gastronok.
Your vampire mosquito zombie bites Gastronok! x2
Your vampire mosquito zombie bites Gastronok. x2
Gastronok waves his eye-stalks in wide circles.
The air twists around and strikes your vampire mosquito zombie!!
Gastronok is no longer moving slowly.
Your vampire mosquito zombie bites Gastronok!
Your vampire mosquito zombie bites Gastronok.
Your vampire mosquito zombie bites Gastronok but does no damage.
You radiate an aura of cold.
Gastronok resists.
Your vampire mosquito zombie is unaffected.
Your vampire mosquito zombie bites Gastronok!
Your vampire mosquito zombie bites Gastronok but does no damage.
Gastronok bites your vampire mosquito zombie!
Your vampire mosquito zombie is destroyed!
Gastronok gurgles horribly!
Gastronok waves his eye-stalks in wide circles.
The air twists around and strikes you!!
You die...
Kikubaaqudgha rasps: "You have failed me!
Welcome... death!"

##..................>.........
##...........................
######.#.#.....w............
##......................
#...#.#.................
#.#.#.#.................
#^#.#.#.................
#####.....#..##.............
#.......##.@.#..............
#................#.........#
##..#........................
#####............................
......#..#...#...................
#####.......#....#...............
#.##....#............§≈≈.....
#.##.##.....###....≈.≈.≈≈....
####.##........##.....≈≈..>≈≈...


You could see Gastronok (swift).

Vanquished Creatures
  3 steam dragons
  2 vampire mosquitoes (D:9)
  Menkaure (D:6)
  2 water moccasins
  An ice beast (D:6)
  4 sky beasts
  A black bear (D:4)
  3 orc warriors (D:8)
  4 centaurs
  2 phantoms (D:5)
  A kobold brigand (D:9)
  2 necrophages
  3 bullfrogs
  A scorpion (D:5)
  10 wights (D:8)
  A jelly (D:7)
  3 howler monkeys (D:8)
  2 lava snakes (D:9)
  4 crimson imps (D:7)
  A gnoll shaman (D:9)
  3 orc priests
  4 hounds
  6 orc wizards
  5 iguanas
  Robin (D:2)
  15 adders
  7 gnolls
  5 river rats (Sewer)
  4 shadow imps
  2 white imps (D:7)
  2 ufetubi
  4 worms
  3 dart slugs
  22 orcs
  8 ball pythons
  7 endoplasms
  7 giant cockroaches
  14 goblins
  5 hobgoblins
  10 jackals
  14 kobolds
  9 quokkas
  12 bats
  5 frilled lizards
  8 rats
233 creatures vanquished.

Vanquished Creatures (others)
  5 plants (D:8)
5 creatures vanquished.

Grand Total: 238 creatures vanquished

Notes
Turn   | Place    | Note
-------+----------+-------------------------------------------
     0 | D:1      | siradein the Demonspawn Necromancer began the quest for the
                  | Orb.
     0 | D:1      | Reached XP level 1. HP: 13/13 MP: 3/3
   311 | D:1      | Gained mutation: A meltable shield of frost defends you.
                  | (SH +4) [demonic ancestry]
   311 | D:1      | Reached XP level 2. HP: 15/19 MP: 0/5
  1061 | D:2      | Reached skill level 5 in Necromancy
  1061 | D:2      | Reached XP level 3. HP: 11/24 MP: 1/7
  1071 | D:2      | Learned a level 3 spell: Vampiric Draining
  1774 | D:2      | Gained mutation: You have sharp fingernails. [demonic
                  | ancestry]
  1774 | D:2      | Reached XP level 4. HP: 27/30 MP: 4/8
  1827 | D:2      | Noticed Robin
  1831 | D:2      | Killed Robin
  2493 | D:3      | Noticed an eye of devastation
  2495 | D:3      | Found a faded altar of an unknown god.
  2536 | D:3      | Noticed a golden eye
  2536 | D:3      | Noticed a floating eye
  2536 | D:3      | Noticed a golden eye
  2569 | D:3      | Found the +4 skin of Zhor {*Englaciate rC+++ SInv}
  2654 | D:3      | Learned a level 4 spell: Animate Dead
  2881 | D:2      | Reached XP level 5. HP: 31/35 MP: 5/10
  2976 | D:3      | Reached skill level 6 in Necromancy
  3383 | D:3      | Found a faded altar of an unknown god.
  3701 | D:4      | Noticed a centaur
  3705 | D:4      | Killed a centaur
  3706 | D:4      | Reached XP level 6. HP: 41/41 MP: 4/12
  3789 | D:4      | Found a glowing drain.
  3850 | Sewer    | Entered a sewer
  4325 | Sewer    | Identified a scroll of acquirement
  4591 | Sewer    | Reached skill level 7 in Necromancy
  4812 | Sewer    | Reached skill level 5 in Spellcasting
  5304 | D:4      | Reached XP level 7. HP: 31/46 MP: 2/14
  5307 | D:4      | Learned a level 2 spell: Blink
  5758 | D:4      | Got the Collected Works on Blows and Bruises
  6112 | D:5      | Entered Level 5 of the Dungeon
  6352 | D:5      | Reached skill level 8 in Necromancy
  6789 | D:5      | Gained mutation: You have very sharp fingernails. [demonic
                  | ancestry]
  6789 | D:5      | Reached XP level 8. HP: 29/52 MP: 8/17
  8023 | D:6      | Found Othidoa's Book Shoppe.
  8538 | D:6      | Noticed Menkaure
  8702 | D:6      | Bought a book of Touch for 286 gold pieces
  8707 | D:6      | Learned a level 4 spell: Dispel Undead
  8973 | D:6      | Killed Menkaure
  8974 | D:6      | Reached skill level 1 in Fighting
  8974 | D:6      | Reached skill level 9 in Necromancy
  8974 | D:6      | Reached skill level 1 in Translocations
  8974 | D:6      | Reached skill level 1 in Evocations
  9587 | D:7      | Gained mutation: You have claws for hands. [demonic
                  | ancestry]
  9587 | D:7      | Reached XP level 9. HP: 61/61 MP: 7/19
  9720 | D:7      | Found Kucuiz's Weapon Emporium.
  9751 | D:7      | Found a staircase to the Ecumenical Temple.
  9755 | Temple   | Entered the Ecumenical Temple
  9770 | Temple   | Became a worshipper of Kikubaaqudgha
  9786 | D:7      | Found Hagameyri's General Store.
  9815 | D:7      | Bought a scroll of identify for 30 gold pieces
  9815 | D:7      | Bought a scroll of noise for 15 gold pieces
  9900 | D:7      | Found Qituyr's Assorted Antiques.
  9910 | D:7      | Found Houlag's Armour Emporium.
 11306 | D:8      | Reached * piety under Kikubaaqudgha
 11306 | D:8      | Received a gift from Kikubaaqudgha
 11597 | D:8      | Found a runed translucent gate.
 11717 | D:8      | Found a runed translucent gate.
 11718 | D:8      | Noticed Psyclone's ghost (novice OpIE)
 11718 | D:8      | Noticed an 11-headed hydra
 11947 | D:8      | Found a runed translucent gate.
 12272 | D:9      | Reached skill level 10 in Necromancy
 12498 | D:8      | Gained mutation: A meltable icy envelope protects you from
                  | harm. (AC +4) [demonic ancestry]
 12498 | D:8      | Reached XP level 10. HP: 40/71 MP: 6/21
 13176 | D:9      | Reached ** piety under Kikubaaqudgha
 13255 | D:9      | Noticed an orange crystal statue
 13682 | D:9      | Found a burning altar of Makhleb.
 13869 | D:10     | Entered Level 10 of the Dungeon
 13869 | D:10     | Noticed a death yak
 13869 | D:10     | Noticed a death yak
 13873 | D:10     | Noticed a death yak
 13947 | D:10     | Noticed Gastronok
 13977 | D:9      | Killed from afar by Gastronok

Illustrated notes

Levels and vault maps discovered:
D:1:      lemuel_arrival_broad_hall, layout_rooms, grunt_decor_resistance,
          st_stairs_6
D:2:      minmay_skewed_foursquare, layout_rooms,
          corexii_item_surrounded_by_moat, glass_columns_a, grunt_ministairs_6,
          uniq_robin
D:3:      layout_rooms, hellmonk_ecumenical_altar_watching_god
D:4:      layout_basic, gup_sewer_entry_glass
D:5:      layout_layer_cave
D:6:      layout_gridville, serial_shops, nicolae_shop_hallway_plus,
          uniq_menkaure
D:7:      layout_cave_pools, minmay_temple_entry_steel_oval, serial_shops,
          nicolae_shop_behind_doors, nicolae_shop_bloodbath_and_beyond, shop,
          nicolae_shop_trees, minmay_nine_imps
D:8:      layout_gridville, gammafunk_ghost_hydra_chop
D:9:      layout_rooms, lightli_temple_of_fire, disabler_island
D:10:     layout_loops_corners, dpeg_lair_monsters, erik_orc_4, uniq_gastronok,
          uniq_snorg, uniq_nergalle
Temple:   mainiacjoe_temple_circle_huts

Skill      XL: |  1  2  3  4  5  6  7  8  9 10 |
---------------+-------------------------------+-----
Necromancy     | 5 6 7 8 9 10 | 10.2
Spellcasting   | 3 4 5 6 7 |  7.9
Dodging        | 3 4 |  4.5
Fighting       | 2 3 4 |  4.2
Translocations | 2 3 |  3.9
Evocations     | 2 4 |  4.4
Stealth        | |  1.7

Action                   |  1- 3 |  4- 6 |  7- 9 | 10-12 || total
-------------------------+-------+-------+-------+-------++-------
Melee: Rapier            |     6 |       |       |       ||     6
       Whip              |       |     4 |   115 |       ||   119
       Unarmed           |       |       |   138 |       ||   138
       Punch             |       |       |     5 |       ||     5
 Fire: Hand crossbow     |       |       |     5 |     6 ||    11
 Cast: Pain              |    74 |   173 |   146 |    65 ||   458
       Vampiric Draining |       |     7 |    41 |    12 ||    60
       Dispel Undead     |       |       |    13 |     3 ||    16
       Animate Dead      |       |       |       |     1 ||     1
  Use: Scroll            |       |     6 |     5 |     4 ||    15
       Potion            |       |     1 |       |       ||     1
 Stab: Sleeping          |       |       |     1 |       ||     1
Armor: Robe              |     1 |     4 |       |       ||     5
       Animal skin       |       |    19 |    87 |    22 ||   128
Dodge: Dodged            |     7 |    41 |   173 |    37 ||   258
Block: Other             |     2 |     7 |    62 |     7 ||    78

Table legend: (Time is in decaauts)
 A = Elapsed time spent in this place.
 B = Non-inter-level travel time spent in this place.
 C = Inter-level travel time spent in this place.
 D = Time resting spent in this place.
 E = Time spent auto-exploring this place.
 F = Levels seen in this place.
 G = Mean time per level.
                   A        B        C        D        E       F      G
               +--------+--------+--------+--------+--------+-----+--------+
         Total |  14165 |  13831 |    334 |   1474 |  10220 |  12 | 1180.4 |
       Dungeon |  12695 |  12361 |    334 |   1293 |   9145 |  10 | 1269.5 |
        Temple |     25 |     25 |      0 |      0 |      5 |   1 |   25.0 |
         Sewer |   1444 |   1444 |      0 |    181 |   1070 |   1 | 1444.0 |
               +--------+--------+--------+--------+--------+-----+--------+

Top non-repeatable levels by time:
     D:8: 2576 daAuts
     D:5: 1700 daAuts
     D:2: 1633 daAuts
     D:6: 1590 daAuts
   Sewer: 1444 daAuts
     D:4: 1277 daAuts
     D:7: 1162 daAuts
     D:3: 1003 daAuts
     D:1: 912 daAuts
     D:9: 808 daAuts
    D:10: 30 daAuts
  Temple: 25 daAuts
